 Dungeon Crawl Stone Soup version 0.17-a0-877-ga10078a (webtiles) character file.

70 Hanyuu the Insei (level 4, -3/28 HPs)
             Began as an Octopode Transmuter on May 1, 2015.
             Killed from afar by WildSam's ghost (7 damage)
             ... with a magic dart
             ... on level 3 of the Dungeon.
             The game lasted 00:06:28 (2000 turns).

Hanyuu the Insei (Octopode Transmuter)              Turns: 2000, Time: 00:06:29

Health: -3/28      AC:  1    Str: 14    XL:     4   Next: 21%
Magic:  7/7        EV: 15    Int: 15    God:
Gold:   80         SH:  0    Dex: 13    Spells: 3 memorised, 1 level left

rFire  . . .     SeeInvis .       - Unarmed
rCold  . . .     Clarity  .     (no shield)
rNeg   . . .     SustAb   .     (helmet restricted)
rPois  .         Gourm    .     t - amulet of inaccuracy (curse)
rElec  .         Spirit   .     d - +3 ring of evasion
rCorr  .         Warding  .     (no ring)
rMut   .         Stasis   .     (no ring)
MR     .....                    (no ring)
Stlth  ++........               (no ring)
                                (no ring)
                                (no ring)
                                (no ring)

@: mighty, not resistant to hostile enchantments, unstealthy
A: almost no armour, amphibious, 8 rings, constrict 8, camouflage 1, gelatinous
body 1
a: no special abilities


You were on level 3 of the Dungeon.
You were not hungry.

You visited 1 branch of the dungeon, and saw 3 of its levels.

You collected 80 gold pieces.

Inventory:

Hand weapons
 n - a +0 hunting sling
Missiles
 a - 26 arrows
 o - 18 sling bullets
Magical staves
 m - an uncursed staff of energy
Jewellery
 d - a +3 ring of evasion (left tentacle)
 t - a cursed amulet of inaccuracy (around mantle)
Scrolls
 g - a scroll of enchant armour {unknown}
 i - 2 scrolls of identify {unknown}
 l - a scroll of random uselessness {unknown}
 p - 2 scrolls of amnesia {unknown}
 q - a scroll of remove curse {unknown}
 r - a scroll of blinking {unknown}
Potions
 f - a potion of heal wounds {unknown}
 k - a potion of lignification {unknown}
Books
 b - a book of Changes

   Spells                             Type                      Level
   a - Beastly Appendage              Transmutation                1
   b - Sticks to Snakes               Transmutation                2
   c - Spider Form                    Transmutation/Poison         3
   d - Ice Form                       Ice/Transmutation            4
   e - Blade Hands                    Transmutation                5
Comestibles
 c - a bread ration
 h - 2 meat rations
 j - 2 slices of pizza
 s - 4 chunks of flesh


   Skills:
 - Level 1.0 Fighting
 - Level 2.0 Dodging
 + Level 4.9 Unarmed Combat
 - Level 2.0 Spellcasting
 - Level 2.0 Transmutations


You had one spell level left.
You knew the following spells:

 Your Spells              Type           Power        Failure   Level  Hunger
a - Beastly Appendage     Trmt           #.....       12%         1    #......
b - Sticks to Snakes      Trmt           #.........   14%         2    ###....
c - Spider Form           Trmt/Pois      #.........   43%         3    ###....


Dungeon Overview and Level Annotations

Branches:
Dungeon (3/15)

Altars:
Nemelex Xobeh

Annotations:
D:3 WildSam's ghost, average DsWn


Innate Abilities, Weirdness & Mutations

You cannot wear most types of armour.
You are amphibious.
You can wear up to eight rings at the same time.
You can use your tentacles to constrict eight enemies at once.
Your skin changes colour to match your surroundings (Stealth).
Your rubbery body absorbs attacks (AC +1).


Message History

WildSam's ghost (average Demonspawn Wanderer) comes into view.
WildSam's ghost turns its malevolent gaze towards you.
Press: ? - help, v - describe, . - travel The floor.
WildSam's ghost gestures at you while chanting.
The magic dart hits you! WildSam's ghost casts a spell at you.
The magic dart hits you!
WildSam's ghost gestures at you while chanting.
The magic dart hits you!
* * * LOW HITPOINT WARNING * * *
WildSam's ghost shouts, "What do you have that I didn't have?"
Read which item? (? for menu, Esc to quit)
Okay, then.
Drink which item? (? for menu, Esc to quit)
It was a potion of might.
You feel very mighty all of a sudden. WildSam's ghost casts a spell at you.
The magic dart hits you!
You die...

.# #.# #.#
## #.# #.#
#.# #.# #.#
#.# #.# #.#
#W# #.# #.#
#.# #.# #.#
#.#######@#
#....W....#
#########.#
###


You could see WildSam's ghost.

Vanquished Creatures
  2 adders
  2 worms (D:2)
  3 giant geckos
  4 bats
  4 goblins
  3 hobgoblins
  3 jackals (D:3)
  A quokka (D:2)
  2 ball pythons
  6 giant cockroaches
  A giant newt (D:2)
  7 kobolds
  4 rats
42 creatures vanquished.

Notes
Turn   | Place    | Note
--------------------------------------------------------------
     0 | D:1      | Hanyuu, the Octopode Transmuter, began the quest for the Orb.
     0 | D:1      | Reached XP level 1. HP: 13/13 MP: 3/3
   438 | D:1      | Reached XP level 2. HP: 8/18 MP: 5/5
   881 | D:2      | Reached skill level 4 in Unarmed Combat
  1013 | D:2      | Reached XP level 3. HP: 23/23 MP: 6/6
  1301 | D:2      | Found a sparkling altar of Nemelex Xobeh.
  1734 | D:3      | Learned a level 2 spell: Sticks to Snakes
  1738 | D:3      | Learned a level 3 spell: Spider Form
  1761 | D:3      | Reached XP level 4. HP: 28/28 MP: 7/7
  1979 | D:3      | Noticed WildSam's ghost (average DsWn)
  2000 | D:3      | Killed from afar by WildSam's ghost

Action                   |  1- 3 |  4- 6 || total
-------------------------+-------+-------++-------
Melee: Unarmed           |    75 |    17 ||    92
 Cast: Beastly Appendage |       |     1 ||     1
  Use: Potion            |       |     1 ||     1
 Stab: Sleeping          |     6 |     1 ||     7
  Eat: Chunk             |     1 |     2 ||     3
